 Dungeon Crawl Stone Soup version 0.25-a0-161-gb7fd73da8f (webtiles) character file.

Game seed: 6267472863987422204, levelgen mode: deterministic

570 Leeroy the Slasher (level 7, 0/60 HPs)
             Began as a Grey Draconian Skald on Nov 21, 2019.
             Was an Initiate of Okawaru.
             Slain by Menkaure (1 damage)
             ... on level 4 of the Dungeon.
             The game lasted 00:11:15 (3761 turns).

Leeroy the Slasher (Grey Draconian Skald)           Turns: 3761, Time: 00:11:16

Health: 0/60       AC: 18    Str: 14    XL:     7   Next: 11%
Magic:  3/10       EV: 12    Int: 15    God:    Okawaru [......]
Gold:   165        SH:  0    Dex: 10    Spells: 4/10 levels left

rFire    . . .     SeeInvis .   y - +1 short sword (protect)
rCold    . . .     Gourm    .   (no shield)
rNeg     . . .     Faith    .   (armour unavailable)
rPois    .         Spirit   .   (helmet restricted)
rElec    .         Reflect  .   (no cloak)
rCorr    .         Harm     .   (no gloves)
MR       .....                  (no boots)
Stlth    +.........             (no amulet)
HPRegen  0.20/turn              (no ring)
MPRegen  0.12/turn              (no ring)

@: protection aura, very slightly contaminated
A: walk through water, unfitting armour, unbreathing, cold-blooded, AC +11
a: Renounce Religion


You were on level 4 of the Dungeon.
You worshipped Okawaru.
Okawaru was noncommittal.
You were hungry.

You visited 2 branches of the dungeon, and saw 6 of its levels.

You collected 165 gold pieces.

Inventory:

Hand Weapons
 a - a +0 falchion
 d - a +0 dagger
 n - a +2 dagger of venom
 w - a +1 dagger of draining
 x - a +0 dagger of protection
 y - a +1 short sword of protection (weapon)
Missiles
 b - 28 poisoned darts (quivered)
Jewellery
 j - a cursed amulet of inaccuracy {unknown}
 m - an uncursed ring of protection from cold {unknown}
 p - a cursed ring of attention {unknown}
Wands
 t - a wand of digging (6)
Scrolls
 e - 3 scrolls of remove curse {unknown}
 f - 3 scrolls of magic mapping
 h - a scroll of fog {unknown}
 i - 7 scrolls of identify {unknown}
 l - 3 scrolls of teleportation {unknown}
 q - 2 scrolls of enchant weapon {unknown}
 r - a scroll of immolation {unknown}
 v - a scroll of amnesia {unknown}
Potions
 g - 3 potions of curing {unknown}
 k - 3 potions of might {unknown}
 o - a potion of ambrosia {unknown}
 s - a potion of heal wounds
 u - a potion of brilliance {unknown}
Comestibles
 c - 7 rations
 z - 4 chunks of flesh


   Skills:
 + Level 4.7 Fighting
 - Level 6.0 Long Blades
 - Level 2.1 Dodging
 - Level 2.0 Spellcasting
 - Level 2.0 Hexes
 - Level 3.1 Charms
 - Level 0.1 Translocations


You had 4 spell levels left.
You knew the following spells:

 Your Spells              Type           Power        Failure   Level  Hunger
a - Infusion              Chrm           ##..         6%          1    #......
b - Shroud of Golubria    Chrm/Tloc      #.....       17%         2    ###....
c - Spectral Weapon       Hex/Chrm       #.......     22%         3    ###....

Your spell library contained the following spells:

 Spells                   Type           Power        Failure   Level  Hunger
 Song of Slaying          Chrm           ##......     9%          2    ###....
 Regeneration             Chrm/Necr      #.........   34%         3    ###....


Dungeon Overview and Level Annotations

Branches:
Dungeon (5/15)             Temple (1/1) D:4

Altars:
Dithmenos
Elyvilon
Fedhas
Gozag
Kikubaaqudgha
Nemelex Xobeh
Okawaru
Ru
Vehumet
Wu Jian
Xom
Zin

Annotations:
D:4 Menkaure


Innate Abilities, Weirdness & Mutations

You can walk through water.
Your dull iron-grey scales are very hard. (AC +11)
You cannot fit into any form of body armour.
You can survive without breathing.
You are cold-blooded and may be slowed by cold attacks.


Message History

* * * LOW HITPOINT WARNING * * *
You hit Menkaure but do no damage.
Your tail-slap misses Menkaure.
Menkaure is lightly damaged.
Menkaure's bandages flutter.
Menkaure closely misses you.
You hit Menkaure but do no damage.
Menkaure is lightly damaged.
Menkaure barely misses you.
You closely miss Menkaure. You tail-slap Menkaure.
Menkaure is lightly damaged.
Menkaure barely misses you.
You hit Menkaure.
Menkaure is moderately damaged.
Menkaure hits you!
* * * LOW HITPOINT WARNING * * *
Okay, then.
As you read the scroll labeled FEUTAPN KEERI, it crumbles to dust.
You feel aware of your surroundings.
It was a scroll of magic mapping.
Menkaure hits you.
You die...

#)....# ############
#.........# #####
#########.........# #....
#......##.........# ###....
#......##.........######......
#......##................#....
#......##...M.....########...(
#.....<##....@....# ##...
#......##.........# ###...
###.#####.........# #####.....
#.# #......[...###.....#...
#.# #.#######......#####...
#.# ##.# #..###### #### #.#
#..* #.## #.. #.###.#* ##.#
#.. #..##.######..# #..


You could see Menkaure.

Vanquished Creatures
  An ice beast (D:3)
  Blork the orc (D:4)
  A howler monkey (D:4)
  2 hounds (D:4)
  An orc priest (D:3)
  An orc wizard (D:3)
  2 bullfrog skeletons (D:4)
  Natasha (thrice) (D:4)
  5 adders
  An adder skeleton (D:4)
  A worm (D:3)
  3 dart slugs
  2 leopard geckos (D:4)
  5 orcs
  5 bats (D:1)
  4 giant cockroaches
  9 goblins
  5 hobgoblins
  8 kobolds
  2 ball pythons
  6 frilled lizards
  12 rats
80 creatures vanquished.

Vanquished Creatures (others)
  A spectral weapon (D:4)
1 creature vanquished.

Grand Total: 81 creatures vanquished

Notes
Turn   | Place    | Note
-------+----------+-------------------------------------------
     0 | D:1      | Leeroy the Draconian Skald began the quest for the Orb.
     0 | D:1      | Reached XP level 1. HP: 17/17 MP: 3/3
   127 | D:1      | Reached XP level 2. HP: 21/24 MP: 5/5
   268 | D:1      | Reached skill level 3 in Long Blades
   331 | D:1      | Learned a level 2 spell: Shroud of Golubria
   803 | D:2      | Reached XP level 3. HP: 17/29 MP: 0/6
  1031 | D:2      | Learned a level 3 spell: Spectral Weapon
  1214 | D:2      | Reached skill level 4 in Long Blades
  1510 | D:2      | Reached XP level 4. HP: 35/36 MP: 7/7
  1729 | D:3      | Noticed an ice beast
  1749 | D:3      | Killed an ice beast
  1749 | D:3      | Reached skill level 5 in Long Blades
  1749 | D:3      | Reached XP level 5. HP: 18/41 MP: 3/8
  2224 | D:3      | Reached skill level 6 in Long Blades
  2693 | D:4      | Noticed Menkaure
  2752 | D:4      | Reached skill level 1 in Hexes
  2752 | D:4      | Reached XP level 6. HP: 44/48 MP: 9/9
  2788 | D:4      | Noticed Blork the orc
  2796 | D:5      | Entered Level 5 of the Dungeon
  3016 | D:4      | Noticed Natasha
  3042 | D:4      | Killed Natasha
  3291 | D:4      | Found a staircase to the Ecumenical Temple.
  3303 | Temple   | Entered the Ecumenical Temple
  3411 | Temple   | Became a worshipper of Warmaster Okawaru
  3511 | D:4      | Killed Blork the orc
  3595 | D:4      | Noticed Natasha
  3611 | D:4      | Killed Natasha
  3656 | D:4      | Noticed Natasha
  3666 | D:4      | Your scales start taking on a dull iron-grey colour.
  3666 | D:4      | Reached XP level 7. HP: 40/59 MP: 7/10
  3666 | D:4      | Gained mutation: You can survive without breathing. [Grey
                  | Draconian growth]
  3680 | D:4      | Killed Natasha
  3760 | D:4      | HP: 1/60 [Menkaure (15)]
  3761 | D:4      | Slain by Menkaure

Levels and vault maps discovered:
D:1:      scummos_arrival_forest, layout_basic, chequers_garden
D:2:      layout_loops_cross, kennysheep_generic_room_7
D:3:      layout_basic
D:4:      layout_rooms, temple_statues, first_ration, uniq_natasha,
          uniq_blork_the_orc, uniq_menkaure
D:5:      layout_basic
Temple:   roderic_octagonal_lattice_temple

Skill      XL: |  1  2  3  4  5  6 |
---------------+-------------------+-----
Long Blades    | 3 4 5 6 |  6.0
Charms         | 3 |  3.1
Hexes          | 1 2 |  2.0
Fighting       | 4 |  4.7
Dodging        | |  2.1
Spellcasting   | |  2.0
Translocations | |  0.1

Action                   |  1- 3 |  4- 6 |  7- 9 || total
-------------------------+-------+-------+-------++-------
Melee: Falchion          |   125 |    31 |       ||   156
       Tailslap          |    12 |    17 |     3 ||    32
       Dagger            |       |   106 |       ||   106
       Short sword       |       |    28 |    26 ||    54
 Cast: Infusion          |     2 |       |       ||     2
       Shroud of Golubri |       |     5 |     1 ||     6
       Spectral Weapon   |       |     3 |       ||     3
  Use: Potion            |     1 |       |       ||     1
       Scroll            |       |       |     1 ||     1
 Stab: Sleeping          |     1 |       |       ||     1
  Eat: Chunk             |     1 |     9 |       ||    10
Armor: Skin              |    40 |    43 |     7 ||    90
Dodge: Dodged            |   102 |    80 |    14 ||   196
       Rpst.: Falchion   |    25 |     4 |       ||    29

Table legend:
 A = Non-vault XP
 B = Vault XP
 C = Vault XP percentage of total XP
 D = Non-vault monster count
 E = Vault monster count
 F = Vault count percentage of total count
                 A         B        C        D         E       F
            +---------+---------+-------+---------+---------+-------
      Total |     688 |     127 |  15.6 |      77 |       3 |   3.8
            +---------+---------+-------+---------+---------+-------
        D:1 |      36 |       0 |   0.0 |      22 |       0 |   0.0
        D:2 |      67 |       1 |   1.5 |      18 |       1 |   5.3
        D:3 |     269 |       0 |   0.0 |      25 |       0 |   0.0
        D:4 |     316 |     126 |  28.5 |      12 |       2 |  14.3
            +---------+---------+-------+---------+---------+-------
